 Dungeon Crawl Stone Soup version 0.31-a0-229-g1fc7ce93e2 (webtiles) character file.

Game seed: 14427400026159853899

9 qw the Shooter (level 2, 0/16 HPs)
             Began as a Gargoyle Hexslinger on July 6, 2023.
             Slain by a dart slug (1 damage)
             ... on level 1 of the Dungeon.
             The game lasted 00:00:07 (199 turns).

qw the Shooter (Gargoyle Hexslinger)                 Turns: 199, Time: 00:00:07

Health: 0/16       AC:  4    Str: 11    XL:     2   Next: 16%
Magic:  3/3        EV: 12    Int: 13    God:
Gold:   7          SH:  0    Dex: 12    Spells: 2/3 levels left

rFire   . . .        a - +1 sling
rCold   . . .        (no shield)
rNeg    + . .        c - +0 robe
rPois   inf          (no helmet)
rElec   +            (no cloak)
rCorr   .            (no gloves)
SInv    .            (no boots)
Will    .....        (no amulet)
Stlth   +            (no ring)
HPRegen 0.22/turn    (no ring)
MPRegen 0.08/turn

%: no passive effects
@: no status effects
A: sickness immunity, AC +2, negative energy resistance 1, electricity
resistance, torment resistance 1, petrification resistance
a: no special abilities


You were on level 1 of the Dungeon.
You visited 1 branch of the dungeon, and saw 1 of its levels.

You collected 7 gold pieces.


Innate Abilities, Weirdness & Mutations

You are immune to sickness and miasma.
Your stone body is resilient. (AC +2)
You are immune to poison.
You resist negative energy. (rN+)
You are resistant to electric shocks. (rElec)
You are resistant to unholy torment.
You are immune to petrification.


   Skills:
 - Level 1.1 Fighting
 + Level 2.8 Ranged Weapons
 - Level 1.5 Dodging
 - Level 1.0 Spellcasting
 - Level 2.6 Hexes


You had 2 spell levels left.
You knew the following spells:

 Your Spells              Type           Power      Damage    Failure   Level
a - Slow                  Hex            28%        N/A       10%         1

Your spell library contained the following spells:

 Spells                   Type           Power      Damage    Failure   Level
 Inner Flame              Hex/Fire       4%         N/A       43%         3
 Portal Projectile        Hex/Tloc       8%         N/A       43%         3
 Cause Fear               Hex            3%         N/A       67%         4

Inventory:

Hand Weapons
 a - a +1 sling (weapon)
Armour
 c - a +0 robe (worn)
Jewellery
 f - a ring of wizardry
Scrolls
 b - a scroll of poison
 d - 3 scrolls of identify {unknown}
 g - a scroll of brand weapon {unknown}
Potions
 e - a potion of curing {unknown}

Dungeon Overview and Level Annotations

Branches:
Dungeon (1/15)

Altars:

Shops:
D:1 !


Message History

You shoot a sling bullet.
The sling bullet barely misses the jackal.
The jackal bites you but does no damage.
The hobgoblin hits you.
The jackal bites you but does no damage.
You shoot a sling bullet.
The sling bullet barely misses the jackal.
The jackal barely misses you. The hobgoblin hits you.
The jackal barely misses you.
The hobgoblin hits you but does no damage.
You shoot a sling bullet.
The sling bullet barely misses the jackal.
The jackal barely misses you. The hobgoblin barely misses you.
The dart slug bites you.
The jackal stops to sniff the ground.
The jackal barely misses you.
You shoot a sling bullet.
The sling bullet barely misses the jackal.
The jackal closely misses you. The hobgoblin barely misses you.
You shoot a sling bullet.
The sling bullet closely misses the jackal.
The jackal bites you. The dart slug launches a dart at you.
The slug dart misses you. The hobgoblin hits you. The jackal bites you.
You shoot a sling bullet. The sling bullet hits the jackal.
You kill the jackal!
The hobgoblin hits you. The dart slug launches a dart at you.
The slug dart misses you.
You shoot a sling bullet.
The sling bullet completely misses the endoplasm.
The endoplasm barely misses you. The hobgoblin barely misses you.
The dart slug launches a dart at you.
The slug dart hits you but does no damage.
The endoplasm hits you but does no damage.
The hobgoblin barely misses you.
You shoot a sling bullet. The sling bullet hits the endoplasm!
You kill the endoplasm!
The dart slug bites you.
You die...

#....... #%...... ##
###......( .. #.........
#.#######.###+####
#.....#.......# #.####
#.##.#.##..####
.#....w###..).....(....#
......g@................
..~~~..######..#.....#.#
..~\~.. #..#.###.#..
..~~~.. #..#.# #.###
+...... ...#.# #.#
....... ....#.# #.#
....... ##...#.# #.#
....... .# #.# .# #.#


You could see a dart slug and a hobgoblin.

Vanquished Creatures
  An endoplasm (D:1)
  A goblin (D:1)
  A hobgoblin (D:1)
  2 jackals (D:1)
  A quokka (D:1)
  A ball python (D:1)
  3 frilled lizards (D:1)
10 creatures vanquished.

Notes
Turn   | Place    | Note
-------+----------+-------------------------------------------
     0 | D:1      | qw the Gargoyle Hexslinger began the quest for the Orb.
     0 | D:1      | Reached XP level 1. HP: 12/12 MP: 2/2
     0 | D:1      | 0 ||| qw: Version: 0.3-a-46-gb1f654a
     0 | D:1      | 0 ||| qw: Game counter: 1364
     0 | D:1      | 0 ||| qw: Melee chars always use a shield: true
     0 | D:1      | 0 ||| qw: God list: Okawaru
     0 | D:1      | 0 ||| qw: Allow faded altars: false
     0 | D:1      | 0 ||| qw: Do Orc after clearing Dungeon:15 true
     0 | D:1      | 0 ||| qw: Do second Lair branch before Depths: true
     0 | D:1      | 0 ||| qw: Lair rune preference: random
     0 | D:1      | 0 ||| qw: Goals: Normal
     0 | D:1      | 0 ||| PLANNING D:1-11
   167 | D:1      | Reached XP level 2. HP: 15/16 MP: 3/3
   172 | D:1      | Found Fuojih's Distillery.
   196 | D:1      | HP: 4/16 [hobgoblin (1)]
   197 | D:1      | HP: 1/16 [hobgoblin (3)]
   199 | D:1      | Slain by a dart slug

Levels and vault maps discovered:
D:1:      sevenhm_arrival_forest_fort_small_4, layout_basic, serial_shops,
          nicolae_shop_industrial_runoff, ebering_ecumenical_altar_abandoned,
          minmay_misc_feat_pillars, amethyst_killhole

Action                     || total
---------------------------++-------
   Fire: Sling             ||    35
 Armour: Robe              ||    12
  Dodge: Dodged            ||    27

Table legend:
 A = Non-vault XP
 B = Vault XP
 C = Vault XP percentage of total XP
 D = Non-vault monster count
 E = Vault monster count
 F = Vault count percentage of total count
                 A         B        C        D         E       F
            +---------+---------+-------+---------+---------+-------
      Total |      16 |       0 |   0.0 |      10 |       0 |   0.0
            +---------+---------+-------+---------+---------+-------
        D:1 |      16 |       0 |   0.0 |      10 |       0 |   0.0
            +---------+---------+-------+---------+---------+-------
